 Dungeon Crawl Stone Soup version 0.32-a0-834-geaf45d8e21 (webtiles) character file.

Game seed: 4232168297299741179

147 Fodor the Covered (level 5, 0/47 HPs)
             Began as a Minotaur Fighter on Mar 25, 2024.
             Slain by an ogre
             ... wielding a +0 giant spiked club
              (18 damage)
             ... on level 4 of the Dungeon.
             The game lasted 00:05:30 (2269 turns).

Fodor the Covered (Minotaur Fighter)                Turns: 2269, Time: 00:05:31

Health: 0/47       AC:  7    Str: 22    XL:     5   Next: 7%
Magic:  4/4        EV:  8    Int:  5    God:
Gold:   225        SH:  4    Dex: 10    Spells: 4/4 levels left

rFire   . . .        k - +2 flail (distort)
rCold   . . .        c - +0 buckler
rNeg    . . .        b - +0 scale mail
rPois   .            (helmet restricted)
rElec   .            (no cloak)
rCorr   .            (no gloves)
SInv    +            (no boots)
Will    .....        (no amulet) Stlth
                     f - ring of see invisible
HPRegen 0.27/turn    (no ring)
MPRegen 0.09/turn

%: no passive effects
@: no status effects
A: horns 2, retaliatory headbutt
a: no special abilities


You were on level 4 of the Dungeon.
You visited 1 branch of the dungeon, and saw 4 of its levels.

You collected 225 gold pieces.

Inventory:

Hand Weapons
 a - a +0 war axe
 k - a +2 flail of distortion (weapon)
Missiles
 m - a boomerang (quivered)
Armour
 b - a +0 scale mail (worn)
 c - a +0 buckler (worn)
Jewellery
 f - a ring of see invisible (left hand)
 n - a +5 ring of evasion
Talismans
 h - a serpent talisman
Wands
 l - a wand of iceblast (7)
Scrolls
 e - 2 scrolls of teleportation {unknown}
 j - 4 scrolls of identify {unknown}
Potions
 d - a potion of might
 g - a potion of enlightenment {unknown}
 i - a potion of brilliance {unknown}
 o - 2 potions of mutation {unknown}
 p - a potion of curing {unknown}


   Skills:
 + Level 4.4 Fighting
 + Level 3.9(4.0) Axes
 + Level 1.0(2.6) Maces & Flails
 + Level 4.5 Armour
 + Level 1.0 Dodging
 + Level 0.1 Stealth
 + Level 4.4 Shields


You had 4 spell levels left.
You didn't know any spells.
Your spell library contained the following spells:

 Spells                   Type           Power      Damage    Failure   Level
 Foxfire                  Conj/Fire      0%         2x1d4     86%         1
 Summon Small Mammal      Summ           0%         N/A       86%         1
 Lesser Beckoning         Tloc           0%         N/A       94%         2
 Call Canine Familiar     Summ           0%         N/A       99%         3
 Gell's Gravitas          Tloc           0%         N/A       99%         3
 Teleport Other           Tloc           0%         N/A       99%         3
 Animate Dead             Necr           0%         N/A       100%        4
 Summon Blazeheart Golem  Fire/Summ      0%         N/A       100%        4
 Plasma Beam              Fire/Air       0%         2x1d10    100%        6
 Starburst                Conj/Fire      0%         6d3       100%        6
 Haunt                    Necr/Summ      0%         N/A       100%        7
 Infestation              Necr           0%         N/A       100%        8


Dungeon Overview and Level Annotations

Branches:
Dungeon (4/15)
 Temple: D:4-7

Altars:
Sif Muna
Trog
Zin

Shops:
D:3 (:


Innate Abilities, Weirdness & Mutations

You have a pair of horns on your head.
You reflexively headbutt those who attack you in melee.


Message History

The dart slug launches a dart at you.
The slug dart hits you but does no damage.
The dart slug launches a dart at you. The slug dart hits you.
An ogre comes into view. It is wielding a +0 giant spiked club.
Found a stone staircase leading down.
You hit the dart slug.
Space warps around the dart slug.
You headbutt the dart slug, but do no damage.
The dart slug is almost dead.
The dart slug closely misses you. You furiously retaliate!
You headbutt the dart slug!
You kill the dart slug!
The ogre hits you with a +0 giant spiked club.
You barely miss the ogre. You headbutt the ogre.
The ogre is moderately wounded.
You sock the ogre!
The ogre is heavily wounded.
The ogre blinks!
An orc comes into view. It is wielding a +0 trident.
The orc shouts!
The orc throws a boomerang.
You block the boomerang.
You see here a stone.
The orc throws a boomerang.
The boomerang hits you but does no damage.
The ogre closely misses you.
You barely miss the ogre.
The ogre is heavily wounded.
The ogre hits you with a +0 giant spiked club!!
You hit the ogre. Your headbutt misses the ogre.
The ogre is heavily wounded.
The ogre blinks!
The orc hits you from afar with a +0 trident.
The orc hits you with a +0 trident.
You sock the orc!
You kill the orc!
Your base Maces & Flails skill increases to level 1!
Things that are here:
a +0 trident; a boomerang The ogre hits you with a +0 giant spiked club!!
You die...

...#.##........#.#.#.....
...#.#.................#.
................†......>.
.........................
............##..(#.......
.............#...........
############ #......#.#..
# #....#O##.# # ####.#@#
... # #.#.# ### #
#.#........ # .....###. #
......# # .......# #
#.......# # #.......#
#.......#


You could see an ogre.

Vanquished Creatures
  Jessica (D:2)
  An orc wizard (D:3)
  Terence (D:2)
  An adder (D:2)
  A ribbon worm (D:2)
  3 dart slugs
  5 orcs
  8 ball pythons
  8 endoplasms
  A giant cockroach (D:2)
  A goblin (D:2)
  6 hobgoblins
  3 jackals (D:1)
  2 kobolds
  A quokka (D:3)
  3 bats
  3 frilled lizards (D:1)
49 creatures vanquished.

Notes
Turn   | Place    | Note
-------+----------+-------------------------------------------
     0 | D:1      | Fodor the Minotaur Fighter began the quest for the Orb.
     0 | D:1      | Reached XP level 1. HP: 19/19 MP: 0/0
   357 | D:1      | Reached XP level 2. HP: 27/27 MP: 1/1
   708 | D:2      | Noticed Jessica
   714 | D:2      | Killed Jessica
   715 | D:2      | Reached XP level 3. HP: 20/33 MP: 2/2
   811 | D:2      | Found a faded altar of an unknown god.
   956 | D:2      | Noticed Terence
   961 | D:2      | Killed Terence
   962 | D:2      | Reached XP level 4. HP: 14/40 MP: 3/3
  1470 | D:3      | Reached skill level 1 in Dodging
  1489 | D:3      | Found Haest's Book Boutique.
  1687 | D:3      | Found a shimmering blue altar of Sif Muna.
  1689 | D:3      | Found a bloodstained altar of Trog.
  1911 | D:3      | Found a glowing silver altar of Zin.
  1954 | D:3      | Reached XP level 5. HP: 45/47 MP: 4/4
  2001 | D:3      | Noticed a +0 giant spiked club
  2002 | D:3      | Found Fiajiny's Weapon Shoppe.
  2004 | D:3      | Noticed a +0 giant spiked club
  2252 | D:4      | Noticed an ogre
  2266 | D:4      | Reached skill level 1 in Maces & Flails
  2269 | D:4      | Slain by an ogre

Illustrated notes

Levels and vault maps discovered:
D:1:      minmay_arrival_plants_in_alcoves, layout_loops_ring, hex_medium,
          nicolae_the_louvre
D:2:      layout_basic, shapermc_ecumenical_altar_mp_ritualfount,
          grunt_ministairs_9, amethyst_killhole, uniq_terence, uniq_jessica
D:3:      layout_loops_ring, hellmonk_overflow_destroyed_library, zin_treasury,
          serial_shops, nicolae_shop_real_fake_doors, nicolae_shop_mannequins
D:4:      layout_basic, minmay_temple_entry_wispy

Skill      XL: |  1  2  3  4  5 |
---------------+----------------+-----
Shields        | 4 |  4.4
Fighting       | 4 |  4.4
Axes           | 3 |  3.9
Armour         | 4 |  4.5
Dodging        | 1 |  1.0
Maces & Flails | 1 |  1.0
Stealth        | |  0.1

Action                     |  1- 3 |  4- 6 || total
---------------------------+-------+-------++-------
  Melee: War axe           |    51 |       ||    51
         Headbutt          |     7 |     7 ||    14
         Flail             |       |    41 ||    41
 Armour: Scale mail        |    54 |    42 ||    96
  Dodge: Dodged            |    24 |    29 ||    53
  Block: Buckler           |    15 |    15 ||    30

Table legend: (Time is in decaauts)
 A = Elapsed time spent in this place.
 B = Non-inter-level travel time spent in this place.
 C = Inter-level travel time spent in this place.
 D = Time resting spent in this place.
 E = Time spent auto-exploring this place.
 F = Levels seen in this place.
 G = Mean time per level.
                   A        B        C        D        E       F      G
               +--------+--------+--------+--------+--------+-----+--------+
         Total |   2300 |   2294 |      6 |      0 |   1684 |   4 |  575.0 |
       Dungeon |   2300 |   2294 |      6 |      0 |   1684 |   4 |  575.0 |
               +--------+--------+--------+--------+--------+-----+--------+

Top non-repeatable levels by time:
     D:3: 804 daAuts
     D:2: 715 daAuts
     D:1: 694 daAuts
     D:4: 86 daAuts
